 Dungeon Crawl Stone Soup version 0.31.0-11-ge490571c62 (webtiles) character file.

Game seed: 14126044251971026014

254 qw the Skirmisher (level 5, -3/30 HPs)
             Began as a Deep Elf Hunter on Feb 4, 2024.
             Killed by divine providence
             ... invoked by an orc priest
              (9 damage)
             ... on level 4 of the Dungeon.
             The game lasted 00:00:11 (2541 turns).

qw the Skirmisher (Deep Elf Hunter)                 Turns: 2541, Time: 00:00:12

Health: -3/30      AC:  6    Str: 13 (16) XL:     5   Next: 90%
Magic:  7/7        EV: 10    Int: 13 (14) God:
Gold:   133        SH:  0    Dex: 18      Spells: 4/4 levels left

rFire   . . .        a - +0 shortbow (elec)
rCold   . . .        (shield currently unavailable)
rNeg    . . .        e - +0 scale mail
rPois   .            (no helmet)
rElec   .            (no cloak)
rCorr   .            (no gloves)
SInv    .            (no boots)
Will    .....        g - amulet of regeneration
Stlth   +            d - +6 ring of strength
HPRegen 1.05/turn    (no ring)
MPRegen 0.10/turn

%: no passive effects
@: no status effects
A: no striking features
a: no special abilities


You were on level 4 of the Dungeon.
You visited 1 branch of the dungeon, and saw 4 of its levels.

You collected 133 gold pieces.


   Skills:
 - Level 2.0 Fighting
 + Level 9.2 Ranged Weapons
 - Level 2.4 Dodging
 - Level 1.2 Stealth


You had 4 spell levels left.
You didn't know any spells.
Your spell library was empty.

Inventory:

Hand Weapons
 a - a +0 shortbow of electrocution (weapon)
Armour
 e - a +0 scale mail (worn)
 f - a +2 helmet
Jewellery
 d - a +6 ring of strength (left hand)
 g - an amulet of regeneration (around neck)
Wands
 n - a wand of digging (5)
Scrolls
 c - a scroll of identify
Potions
 b - a potion of enlightenment
 i - a potion of curing
 l - a potion of heal wounds {unknown}

Dungeon Overview and Level Annotations

Branches:
Dungeon (4/15)
 Temple: D:4-7

Altars:
Hepliaklqana
The Shining One


Message History

You feel your dexterity returning.
2524 ||| FLEEEEING.
2525 ||| FLEEEEING.
2526 ||| FLEEEEING.
2527 ||| FLEEEEING.
2528 ||| FLEEEEING.
2529 ||| FLEEEEING.
2530 ||| FLEEEEING.
2531 ||| FLEEEEING.
2532 ||| FLEEEEING.
The orc wizard gestures wildly while chanting.
The orc wizard flickers and vanishes!
Deactivating autopickup; reactivate with Ctrl-A.
You shoot an arrow. The arrow closely misses the orc.
A quokka comes into view.
You shoot an arrow. The arrow hits the orc!
You kill the orc!
You shoot an arrow. The arrow hits the quokka.
Lightning courses through the quokka!
You kill the quokka!
The orc priest casts a cantrip, but nothing happens.
You shoot an arrow.
The arrow closely misses the orc priest.
You shoot an arrow. You shoot an arrow. Something hits you.
You hear some strange, mumbled words.
A puff of flame appears from out of thin air!
The puff of flame hits you!
The orc priest calls down the wrath of Beogh upon you.
Beogh smites you!
You shoot an arrow. The arrow barely misses the orc priest.
Something completely misses you.
You shoot an arrow. The arrow barely misses the orc priest.
Something hits you.
You shoot an arrow. The arrow hits the orc priest.
The orc priest is moderately wounded.
The orc priest calls down the wrath of Beogh upon you.
Beogh smites you!
You die...

#.# #.)))%)......#...
#.# ##)####..........
#.# #)# #.########.
#.# #)# #.# #. #.# #)#
#.# #. #.## #.# #.# #.
#..## #.# #.# #.
###.#.#########.# #.#
#. ..###.....o{@..#
... #.
###.#.#########.....#.
#. #...## ###.. #^
#.....# #. #.......#
###.###. #......<..#
........ #......o...#
....###. ........)..#
# #.###. ..#....o..##
#)....


You could see an orc priest.

Vanquished Creatures
  2 orc priests (D:4)
  An orc wizard (D:3)
  Robin (D:4)
  6 adders
  A dart slug (D:1)
  3 ribbon worms
  5 orcs
  11 ball pythons
  7 bats
  9 endoplasms
  9 hobgoblins
  5 jackals
  4 quokkas
  3 frilled lizards (D:3)
  14 goblins
  4 kobolds
  5 rats
90 creatures vanquished.

Notes
Turn   | Place    | Note
-------+----------+-------------------------------------------
     0 | D:1      | qw the Deep Elf Hunter began the quest for the Orb.
     0 | D:1      | Reached XP level 1. HP: 12/12 MP: 3/3
     0 | D:1      | 0 ||| qw: Version: 0.3-a-160-g6735b56
     0 | D:1      | 0 ||| qw: Game counter: 4387
     0 | D:1      | 0 ||| qw: Melee chars always use a shield: true
     0 | D:1      | 0 ||| qw: God list: Okawaru
     0 | D:1      | 0 ||| qw: Allow faded altars: false
     0 | D:1      | 0 ||| qw: Do Orc after clearing Dungeon:15 true
     0 | D:1      | 0 ||| qw: Do second Lair branch before Depths: true
     0 | D:1      | 0 ||| qw: Lair rune preference: random
     0 | D:1      | 0 ||| qw: Goals: Normal
     0 | D:1      | 0 ||| PLANNING D:1-11
   131 | D:1      | Reached XP level 2. HP: 16/16 MP: 4/4
   147 | D:1      | Reached skill level 6 in Ranged Weapons
   173 | D:1      | 173 ||| RETREEEEATING.
   181 | D:1      | HP: 4/16 [frozen (5)]
   687 | D:1      | 687 ||| UPGRADING to amulet of guardian spirit.
   692 | D:1      | 692 ||| UPGRADING to amulet of regeneration.
   702 | D:1      | 702 ||| DROPPING amulet of guardian spirit.
   703 | D:1      | 703 ||| READING scroll labelled WOMNANW VYSU.
   704 | D:1      | 704 ||| READING scroll labelled GOLLAO QATT.
   704 | D:1      | 704 ||| IDENTIFYING fuming puce potion
   705 | D:1      | 705 ||| READING scroll labelled VEVIEDEDGHUO.
   706 | D:1      | 706 ||| DROPPING scroll of butterflies.
   708 | D:1      | 708 ||| Stepping ~*~*~tactically~*~*~ (cloud).
   767 | D:2      | Found a glowing golden altar of the Shining One.
   770 | D:2      | 770 ||| STAIRDANCE
   781 | D:2      | Reached XP level 3. HP: 20/20 MP: 5/5
   841 | D:2      | Reached skill level 7 in Ranged Weapons
   973 | D:2      | 973 ||| FLEEEEING.
   974 | D:2      | 974 ||| FLEEEEING.
   975 | D:2      | 975 ||| FLEEEEING.
  1095 | D:2      | Reached XP level 4. HP: 20/25 MP: 6/6
  1394 | D:2      | 1394 ||| UPGRADING to +0 scale mail.
  1404 | D:2      | 1404 ||| DROPPING +0 leather armour.
  1405 | D:2      | 1405 ||| UPGRADING to +6 ring of strength.
  1406 | D:2      | 1406 ||| READING 2 scrolls of identify.
  1406 | D:2      | 1406 ||| IDENTIFYING fuming dark potion
  1407 | D:2      | 1407 ||| READING scroll of identify.
  1407 | D:2      | 1407 ||| IDENTIFYING viscous green potion
  1408 | D:2      | 1408 ||| READING scroll labelled UVES LAUMO.
  1408 | D:2      | 1408 ||| BRANDING +0 shortbow.
  1409 | D:2      | 1409 ||| READING scroll labelled ZAISUG ESEYXT.
  1414 | D:2      | 1414 ||| DROPPING potion of ambrosia.
  1495 | D:3      | Reached skill level 8 in Ranged Weapons
  1861 | D:3      | Reached XP level 5. HP: 29/29 MP: 7/7
  1896 | D:3      | Found a hazy altar of Hepliaklqana.
  2200 | D:3      | 2200 ||| DROPPING amulet of the acrobat.
  2201 | D:3      | 2201 ||| READING scroll of identify.
  2201 | D:3      | 2201 ||| IDENTIFYING fizzy silvery potion
  2202 | D:3      | 2202 ||| READING scroll labelled POAVECZEESH.
  2203 | D:3      | 2203 ||| READING scroll labelled NOGGINWERAZI.
  2304 | D:3      | 2304 ||| DRINKING 2 ruby potions.
  2305 | D:3      | 2305 ||| DROPPING potion of attraction.
  2306 | D:3      | 2306 ||| DROPPING potion of degeneration.
  2439 | D:4      | Noticed Robin
  2447 | D:4      | Killed Robin
  2450 | D:4      | 2450 ||| FLEEEEING.
  2479 | D:4      | Reached skill level 9 in Ranged Weapons
  2524 | D:4      | 2524 ||| FLEEEEING.
  2525 | D:4      | 2525 ||| FLEEEEING.
  2526 | D:4      | 2526 ||| FLEEEEING.
  2527 | D:4      | 2527 ||| FLEEEEING.
  2528 | D:4      | 2528 ||| FLEEEEING.
  2529 | D:4      | 2529 ||| FLEEEEING.
  2530 | D:4      | 2530 ||| FLEEEEING.
  2531 | D:4      | 2531 ||| FLEEEEING.
  2532 | D:4      | 2532 ||| FLEEEEING.
  2538 | D:4      | HP: 4/30 [orc priest/divine providence (14)]
  2541 | D:4      | Killed from afar by an orc priest

Levels and vault maps discovered:
D:1:      minmay_arrival_up_and_down, layout_basic
D:2:      layout_basic, basic_altar, chequers_serial_rivers_small_a
D:3:      layout_loops_ring, mainiacjoe_overflow_brackets, serial_bayou,
          serial_bayou_pond_b, serial_bayou_shore_b, serial_bayou_pond_d,
          serial_bayou_crossing
D:4:      layout_loops_ring, uniq_sigmund, uniq_robin, uniq_crazy_yiuf_cottage,
          uniq_edmund

Skill      XL: |  1  2  3  4  5 |
---------------+----------------+-----
Ranged Weapons | 6 7 8 9 |  9.2
Fighting       | 2 |  2.0
Dodging        | |  2.4
Stealth        | |  1.2

Action                     |  1- 3 |  4- 6 || total
---------------------------+-------+-------++-------
   Fire: Shortbow          |   103 |   122 ||   225
    Use: Scroll            |     3 |     7 ||    10
         Potion            |       |     1 ||     1
 Armour: Leather armour    |    20 |       ||    20
         Scale mail        |       |    48 ||    48
  Dodge: Dodged            |    25 |    39 ||    64

Table legend:
 A = Non-vault XP
 B = Vault XP
 C = Vault XP percentage of total XP
 D = Non-vault monster count
 E = Vault monster count
 F = Vault count percentage of total count
                 A         B        C        D         E       F
            +---------+---------+-------+---------+---------+-------
      Total |     307 |      56 |  15.4 |      74 |      16 |  17.8
            +---------+---------+-------+---------+---------+-------
        D:1 |      38 |       0 |   0.0 |      22 |       0 |   0.0
        D:2 |      62 |       0 |   0.0 |      21 |       0 |   0.0
        D:3 |      97 |      20 |  17.1 |      21 |       4 |  16.0
        D:4 |     110 |      36 |  24.7 |      10 |      12 |  54.5
            +---------+---------+-------+---------+---------+-------
